 Dungeon Crawl Stone Soup version 0.31-a0-881-ge136f0c (webtiles) character file.

Game seed: 2873099912326271134

1222 MethLeopard the Shooter (level 8, -4/63 HPs)
             Began as a Formicid Hunter on Oct 15, 2023.
             Was an Initiate of Gozag.
             Slain by an ice beast (8 damage)
             ... summoned by an ice statue
             ... on level 7 of the Dungeon.
             The game lasted 00:09:16 (5355 turns).

MethLeopard the Shooter (Formicid Hunter)           Turns: 5355, Time: 00:09:17

Health: -4/63      AC:  5    Str: 15    XL:     8   Next: 76%
Magic:  8/8        EV: 12    Int: 10    God:    Gozag
Gold:   288        SH:  6    Dex: 25    Spells: 7/7 levels left

rFire   . . .        a - +1 shortbow (flame)
rCold   . . .        b - +0 buckler
rNeg    . . .        c - +0 leather armour
rPois   .            (helmet unavailable)
rElec   .            p - +0 cloak
rCorr   +            (no gloves)
SInv    +            y - +0 pair of boots
Will    .....        (no amulet)
Stlth   ++++         o - +6 ring of dexterity
HPRegen 0.30/turn    s - ring of resist corrosion
MPRegen 0.11/turn

%: no passive effects
@: no status effects
A: permanent stasis, dig shafts and tunnels, antennae 3, four strong arms
a: Dig, Shaft Self, Renounce Religion, Potion Petition, Call Merchant, Bribe
Branch


You were on level 7 of the Dungeon.
You worshipped Gozag.
Gozag was aware of your devotion.
You visited 1 branch of the dungeon, and saw 7 of its levels.

You collected 402 gold pieces.
You paid 114 gold pieces to Gozag.

Inventory:

Hand Weapons
 a - a +1 shortbow of flaming (weapon)
Missiles
 i - 3 curare-tipped darts
Armour
 b - a +0 buckler (worn)
 c - a +0 leather armour (worn)
 k - a +0 chain mail of fire resistance
 p - a +0 cloak (worn)
 y - a +0 pair of boots (worn)
Jewellery
 o - a +6 ring of dexterity (left hand)
 s - a ring of resist corrosion (right hand)
Wands
 m - a wand of flame (20)
 q - a wand of quicksilver (8)
 B - a wand of iceblast (11)
Scrolls
 e - 2 scrolls of fear
 f - 2 scrolls of amnesia
 v - a scroll of enchant weapon
 C - a scroll of fog
Potions
 d - 2 potions of attraction {unknown}
 g - 2 potions of mutation {unknown}
 h - a potion of magic
 j - 4 potions of curing {unknown}
 l - 2 potions of heal wounds
 n - a potion of haste {unknown}
 r - a potion of might {unknown}
 t - a potion of ambrosia {unknown}
 u - a potion of lignification {unknown}
 w - 3 potions of brilliance {unknown}
 x - a potion of berserk rage {unknown}
 z - a potion of resistance {unknown}
 A - a potion of invisibility {unknown}


   Skills:
 + Level 5.5 Fighting
 * Level 7.9 Ranged Weapons
 - Level 1.7 Dodging
 + Level 6.2 Stealth
 + Level 2.9 Shields


You had 7 spell levels left.
You didn't know any spells.
Your spell library contained the following spells:

 Spells                   Type           Power      Damage    Failure   Level
 Apportation              Tloc           0%         N/A       54%         1
 Magic Dart               Conj           0%         1d3       54%         1
 Necrotise                Necr           0%         1d4       54%         1
 Summon Small Mammal      Summ           0%         N/A       54%         1
 Call Imp                 Summ           0%         N/A       67%         2
 Poisonous Vapours        Pois/Air       0%         N/A       67%         2
 Mephitic Cloud           Conj/Pois/Air  0%         N/A       88%         3
 Leda's Liquefaction      Hex/Erth       0%         N/A       99%         4
 Freezing Cloud           Conj/Ice/Air   0%         6-21      100%        5
 Lee's Rapid Deconstruct  Erth           0%         3d4*      100%        5
 Bombard                  Conj/Erth      0%         9d1       100%        6


Dungeon Overview and Level Annotations

Branches:
Dungeon (7/15)
 Temple: D:4-7

Altars:
Dithmenos
Gozag
Kikubaaqudgha
Okawaru
Ru

Shops:
D:6 [:

Annotations:
D:4 1 runed translucent door, Crazy Yiuf
D:7 exclusion: ice statue


Innate Abilities, Weirdness & Mutations

You cannot be hasted, slowed, berserked, paralysed or teleported.
You can dig through walls and to a lower floor.
You have a pair of large antennae on your head. (SInv)
Your four strong arms can wield two-handed weapons with a shield.


Message History

* * * LOW HITPOINT WARNING * * *
Fire: a) +1 shortbow (flame)
Press: ? - help, Shift-Dir - straight line, f/p - ice beast
Aim: an ice beast (moderately wounded, summoned, 70% to hit)
You shoot an arrow. The arrow closely misses the ice beast.
The arrow hits the ice beast!
The arrow melts the ice beast.
The ice beast is almost dead.
The ice beast hits you but does no damage.
Fire: a) +1 shortbow (flame)
Press: ? - help, Shift-Dir - straight line, f/p - ice beast
Aim: an ice beast (moderately wounded, summoned, 70% to hit)
You shoot an arrow. The arrow hits the ice beast.
The arrow melts the ice beast.
The ice beast is moderately wounded.
You block the ice beast's attack.
Fire: a) +1 shortbow (flame)
Press: ? - help, Shift-Dir - straight line, f/p - ice beast
Aim: an ice beast (moderately wounded, summoned, 70% to hit)
You shoot an arrow.
The arrow hits the ice beast but does no damage.
The ice beast is moderately wounded.
The ice beast hits you but does no damage.
Fire: a) +1 shortbow (flame)
Press: ? - help, Shift-Dir - straight line, f/p - ice beast
Aim: an ice beast (moderately wounded, summoned, 70% to hit)
You shoot an arrow.
The arrow hits the ice beast but does no damage.
The ice beast is moderately wounded.
You block the ice beast's attack.
Fire: a) +1 shortbow (flame)
Press: ? - help, Shift-Dir - straight line, f/p - ice beast
Aim: an ice beast (moderately wounded, summoned, 70% to hit)
You shoot an arrow. The arrow hits the ice beast!
The arrow melts the ice beast.
The ice beast is severely wounded.
The ice beast hits you.
* * * LOW HITPOINT WARNING * * *
The ice beast freezes you!
You die...
Your body crumbles into a pile of gold.

######### ######⌠.....≈≈
#.@YY#......≈≈
#.####.##........≈8
#.......#.#......≈≈
######..#.#⌠.....≈≈
#..#.#########
#####..#.##############
........................
.....#.....#############
####.#............ #


You could see 2 ice beasts.

Vanquished Creatures
  A water moccasin (D:7)
  An orc warrior (D:6)
  A centaur (D:5)
  A phantom (D:6)
  A gnoll sergeant (D:6)
  A scorpion (D:5)
  4 wights (D:6)
  2 orc priests
  A hound (D:4)
  2 jellies (D:5)
  2 orc wizards
  Natasha (thrice) (D:2)
  Robin (D:2)
  6 gnolls (D:6)
  4 adders
  2 white imps (D:6)
  4 ufetubi
  3 worms
  A dart slug (D:1)
  19 orcs
  4 bats
  8 endoplasms
  2 giant cockroaches
  14 goblins
  10 hobgoblins
  2 jackals (D:2)
  4 quokkas
  11 ball pythons
  7 frilled lizards
  4 kobolds
  4 rats
130 creatures vanquished.

Notes
Turn   | Place    | Note
-------+----------+-------------------------------------------
     0 | D:1      | MethLeopard the Formicid Hunter began the quest for the
                  | Orb.
     0 | D:1      | Reached XP level 1. HP: 16/16 MP: 1/1
    69 | D:1      | Reached XP level 2. HP: 23/23 MP: 2/2
   584 | D:2      | Reached XP level 3. HP: 26/26 MP: 3/3
   726 | D:2      | Noticed Natasha
   734 | D:2      | Killed Natasha
   735 | D:2      | Reached XP level 4. HP: 22/34 MP: 4/4
   805 | D:2      | Noticed Natasha
   810 | D:2      | Killed Natasha
   811 | D:2      | Reached skill level 5 in Ranged Weapons
   856 | D:2      | Noticed Natasha
   859 | D:2      | Killed Natasha
   860 | D:2      | Reached XP level 5. HP: 34/41 MP: 5/5
  1278 | D:2      | Noticed Robin
  1302 | D:2      | Killed Robin
  1698 | D:3      | Reached XP level 6. HP: 22/39 MP: 6/6
  1875 | D:3      | Found an iron altar of Okawaru.
  1979 | D:3      | Found a faded altar of an unknown god.
  2037 | D:3      | Found an ancient bone altar of Kikubaaqudgha.
  2114 | D:3      | Found a sacrificial altar of Ru.
  2598 | D:4      | Found a runed translucent door.
  2599 | D:4      | Noticed Crazy Yiuf
  2756 | D:4      | Found a shadowy altar of Dithmenos.
  3122 | D:5      | Entered Level 5 of the Dungeon
  3129 | D:5      | Reached skill level 6 in Ranged Weapons
  3243 | D:5      | Reached XP level 7. HP: 54/54 MP: 7/7
  3978 | D:6      | Found Tuchint's Book Shoppe.
  4014 | D:6      | Reached skill level 5 in Stealth
  4408 | D:6      | Found Qucaruamn's Armour Shoppe.
  4462 | D:6      | Reached skill level 7 in Ranged Weapons
  4462 | D:6      | Reached XP level 8. HP: 61/61 MP: 8/8
  4539 | D:6      | Reached skill level 5 in Fighting
  4539 | D:6      | Reached skill level 1 in Shields
  4915 | D:6      | Found an opulent altar of Gozag.
  5022 | D:6      | Became a worshipper of Gozag Ym Sagoz the Greedy
  5178 | D:7      | Noticed an ice statue
  5355 | D:7      | Slain by an ice beast

Illustrated notes

Levels and vault maps discovered:
D:1:      wander_arrival_fairy_ring, layout_basic, due_unseen_surprise
D:2:      layout_loops_cross, uniq_natasha, uniq_robin
D:3:      layout_basic, okawaru_metal_pillars_1_2,
          nicolae_overflow_ecumenical_swirl, nicolae_ru_the_path_less_chosen,
          skrybe_limestone_x
D:4:      layout_basic, mainiacjoe_overflow_boulevard, bh_walls_and_bars,
          uniq_crazy_yiuf_cottage
D:5:      layout_basic
D:6:      nicolae_BIG_FREAKIN_CUBE, layout_basic,
          nicolae_gozag_cash_rules_everything_around_me, serial_shops,
          nicolae_shop_waterfront, shop_statue
D:7:      lemuel_ice_statue, layout_basic, nicolae_uskayaw_dance_hall,
          mainiacjoe_overflow_surrounded_room, minmay_temple_entry_nine_rooms,
          kennysheep_generic_room_15

Skill      XL: |  1  2  3  4  5  6  7  8 |
---------------+-------------------------+-----
Stealth        | 2 3 4 5 6 |  6.2
Fighting       | 3 4 5 |  5.5
Ranged Weapons | 5 6 7 |  7.9
Shields        | 2 |  2.9
Dodging        | |  1.7

Action                     |  1- 3 |  4- 6 |  7- 9 || total
---------------------------+-------+-------+-------++-------
   Fire: Shortbow          |    77 |   198 |   210 ||   485
Ability: Dig               |     1 |     2 |     1 ||     4
  Evoke: Wand              |       |       |     2 ||     2
    Use: Scroll            |     7 |     4 |     2 ||    13
         Potion            |       |       |     2 ||     2
 Armour: Leather armour    |    12 |    25 |    63 ||   100
  Dodge: Dodged            |    17 |    37 |    48 ||   102
  Block: Buckler           |       |       |    16 ||    16

Table legend: (Time is in decaauts)
 A = Elapsed time spent in this place.
 B = Non-inter-level travel time spent in this place.
 C = Inter-level travel time spent in this place.
 D = Time resting spent in this place.
 E = Time spent auto-exploring this place.
 F = Levels seen in this place.
 G = Mean time per level.
                   A        B        C        D        E       F      G
               +--------+--------+--------+--------+--------+-----+--------+
         Total |   5420 |   5089 |    331 |    290 |   3856 |   7 |  774.3 |
       Dungeon |   5420 |   5089 |    331 |    290 |   3856 |   7 |  774.3 |
               +--------+--------+--------+--------+--------+-----+--------+

Top non-repeatable levels by time:
     D:2: 1049 daAuts
     D:5: 1022 daAuts
     D:6: 912 daAuts
     D:3: 854 daAuts
     D:4: 721 daAuts
     D:1: 537 daAuts
     D:7: 322 daAuts
